 Dungeon Crawl Stone Soup version 0.29.1-2-gbd0b4ee654 (webtiles) character file.

Game seed: 15594758865517520492

697 mortz the Cudgeller (level 7, -2/44 HPs)
             Began as a Gargoyle Fighter on Nov 1, 2022.
             Slain by an orc warrior
             ... wielding a +0 flail
              (9 damage)
             ... on level 6 of the Dungeon.
             The game lasted 00:32:32 (5930 turns).

mortz the Cudgeller (Gargoyle Fighter)              Turns: 5930, Time: 00:32:33

Health: -2/44      AC: 17    Str: 22    XL:     7   Next: 65%
Magic:  7/7        EV: 11    Int:  8    God:
Gold:   347        SH:  4    Dex:  9    Spells: 6/6 levels left

rFire   . . .      SeeInvis .   a - +0 flail
rCold   . . .      Faith    .   c - +0 buckler
rNeg    + . .      Spirit   .   h - +3 leather armour
rPois   ∞          Reflect  .   F - +1 hat
rElec   +          Harm     .   (no cloak)
rCorr   .          Rampage  .   y - +2 pair of gloves
Will    +....                   p - +1 pair of boots
Stlth   +.........              (no amulet)
HPRegen 0.14/turn               f - ring of willpower
MPRegen 0.10/turn               (no ring)

@: no status effects
A: sickness immunity, AC +4, negative energy resistance 1, electricity
resistance, torment resistance 1, petrification resistance
a: no special abilities


You were on level 6 of the Dungeon.
You visited 1 branch of the dungeon, and saw 6 of its levels.
You also visited: Sewer.

You collected 347 gold pieces.

Inventory:

Hand Weapons
 a - a +0 flail (weapon)
 b - a +4 dagger
 j - a +0 spear
 m - a +0 dagger of venom
 D - a +0 battleaxe
Missiles
 k - a throwing net
 r - 14 stones (quivered)
 E - 2 silver javelins
Armour
 c - a +0 buckler (worn)
 h - a +3 leather armour (worn)
 p - a +1 pair of boots (worn)
 y - a +2 pair of gloves (worn)
 F - a +1 hat (worn)
Jewellery
 f - a ring of willpower (left hand)
 u - a ring of ice
Wands
 s - a wand of mindburst (10)
Scrolls
 e - a scroll of blinking
 l - 3 scrolls of teleportation
 n - 4 scrolls of amnesia
Potions
 d - a potion of might
 g - a potion of magic
 i - 4 potions of curing
 o - a potion of attraction
 q - a potion of invisibility
 t - 2 potions of cancellation
 v - a potion of mutation
 w - a potion of ambrosia {unknown}
 z - 2 potions of flight
 C - a potion of lignification {unknown}


   Skills:
 + Level 4.8 Fighting
 + Level 5.3 Maces & Flails
 + Level 0.6 Throwing
 + Level 4.8 Armour
 + Level 2.0 Dodging
 + Level 1.1 Stealth
 + Level 4.5 Shields


You had 6 spell levels left.
You didn't know any spells.
Your spell library was empty.

Dungeon Overview and Level Annotations

Branches:
Dungeon (6/15) Zot: 26896   Sewer (visited)
 Temple: D:4-7

Altars:
Makhleb

Annotations:
D:6 Edmund


Innate Abilities, Weirdness & Mutations

You are immune to sickness and miasma.
Your stone body is resilient. (AC +4)
You are immune to poison.
You resist negative energy. (rN+)
You are resistant to electric shocks. (rElec)
You are resistant to unholy torment.
You are immune to petrification.


Message History

The orc warrior hits you with a +0 flail!
You thump the orc warrior!
The orc warrior is heavily wounded.
The orc warrior hits you with a +0 flail!
You hit the orc warrior but do no damage.
The orc warrior is heavily wounded.
You hit the orc warrior.
The orc warrior is heavily wounded.
You barely miss the orc warrior.
The orc warrior is heavily wounded.
The orc warrior hits you with a +0 flail.
You are too injured to fight recklessly!
You are too injured to fight recklessly!
You are too injured to fight recklessly!
You are too injured to fight recklessly!
You are too injured to fight recklessly!
You sock the orc warrior!
The orc warrior is almost dead.
The orc warrior hits you with a +0 flail! x2
* * * LOW HITPOINT WARNING * * *
Edmund the Younger comes into view.
He is wielding a +2 flail of protection.
An orc wizard comes into view. It is wielding a +0 dagger.
The orc wizard shouts!
Something shouts, "Back with thee, thou bumbling folly-fallen lewdster!"
The orc wizard gestures at you while chanting.
You resist with almost no effort.
You hear a shout!
The orc warrior attacks as you move away!
The orc warrior closely misses you.
An orc comes into view. It is wielding a +0 club.
Edmund shouts!
The orc moves out of view.
The orc shouts!
An orc wizard comes into view. It is wielding a +0 dagger.
The orc warrior attacks as you move away!
There is a stone staircase leading up here.
The orc wizard casts a spell.
The orc wizard flickers and vanishes!
The orc warrior hits you with a +0 flail!
You die...

#..[.# #.).. #....#
##...# ##....# #..?# o
#..#######.#.# o#
##.##o..oo....###..
#....o###....@....#
####.#.###.......{###...
.....#.# #.#..........#
##..o.###.#...o@#####
#........#####.#
#.o###.#### #.# ....
#..# ..# ... ##..# .##
#. ##.# #. #. .. #. #..
.. ...


You could see Edmund, an orc warrior and 2 orcs.

Vanquished Creatures
  Sigmund (D:2)
  A necrophage (D:4)
  A scorpion (D:4)
  2 hounds (D:5)
  Natasha (thrice) (D:3)
  An orc wizard (D:5)
  9 adders
  5 river rats (Sewer)
  4 worms
  6 orcs
  6 endoplasms
  9 giant cockroaches
  3 goblins
  3 hobgoblins
  15 jackals
  5 kobolds
  12 quokkas
  12 ball pythons
  17 bats
  5 frilled lizards
  4 rats
124 creatures vanquished.

Notes
Turn   | Place    | Note
-------+----------+-------------------------------------------
     0 | D:1      | mortz the Gargoyle Fighter began the quest for the Orb.
     0 | D:1      | Reached XP level 1. HP: 14/14 MP: 1/1
   273 | D:1      | Reached XP level 2. HP: 16/19 MP: 2/2
   726 | D:1      | Reached XP level 3. HP: 23/23 MP: 3/3
  1901 | D:2      | Reached XP level 4. HP: 26/29 MP: 4/4
  1972 | D:2      | Noticed Sigmund
  1982 | D:2      | Killed Sigmund
  1983 | D:2      | Reached skill level 3 in Maces & Flails
  1983 | D:2      | Reached XP level 5. HP: 25/34 MP: 5/5
  1983 | D:2      | Reached XP level 6. HP: 29/39 MP: 6/6
  2112 | D:2      | Reached skill level 4 in Maces & Flails
  2280 | D:2      | You fall into a shaft and drop 2 floors!
  2744 | D:3      | Found a burning altar of Makhleb.
  2855 | D:3      | Noticed Natasha
  2858 | D:3      | Killed Natasha
  2896 | D:3      | Found a faded altar of an unknown god.
  3170 | D:3      | Found a burning altar of Makhleb.
  3198 | D:3      | Noticed Natasha
  3209 | D:3      | Killed Natasha
  3230 | D:3      | Noticed Natasha
  3261 | D:3      | Killed Natasha
  3262 | D:3      | Reached skill level 1 in Dodging
  3803 | D:4      | Reached XP level 7. HP: 40/44 MP: 7/7
  3921 | D:5      | Entered Level 5 of the Dungeon
  4191 | D:5      | Found a glowing drain.
  4214 | Sewer    | Entered a sewer
  4314 | Sewer    | Reached skill level 5 in Maces & Flails
  5775 | D:5      | Reached skill level 1 in Stealth
  5925 | D:6      | Noticed Edmund
  5930 | D:6      | Slain by an orc warrior

Illustrated notes

Levels and vault maps discovered:
D:1:      dpeg_arrival_round_c, layout_basic, minmay_tiny_reverse_x
D:2:      layout_loops_ring, uniq_sigmund
D:3:      layout_basic, lemuel_tele_altar,
          shapermc_ecumenical_altar_mp_highgroup, minivault_25, uniq_natasha
D:4:      layout_basic
D:5:      layout_cave_pools, gup_sewer_entry_pipe, kennysheep_small_spiral
D:6:      layout_rooms, uniq_edmund

Skill      XL: |  1  2  3  4  5  6  7 |
---------------+----------------------+-----
Fighting       | 4 |  4.8
Maces & Flails | 3 4 5 |  5.3
Armour         | 4 |  4.8
Shields        | 4 |  4.5
Dodging        | 1 2 |  2.0
Stealth        | 1 |  1.1
Throwing       | |  0.6

Action                   |  1- 3 |  4- 6 |  7- 9 || total
-------------------------+-------+-------+-------++-------
Melee: Flail             |   138 |   113 |   235 ||   486
Throw: Stone             |     9 |     1 |    14 ||    24
       Throwing net      |     1 |     1 |       ||     2
  Use: Scroll            |     1 |     9 |     7 ||    17
       Potion            |       |       |     3 ||     3
Armor: Scale mail        |    70 |    23 |       ||    93
       Leather armour    |       |    19 |   140 ||   159
Dodge: Dodged            |    63 |    59 |   149 ||   271
Block: Buckler           |    38 |    28 |    58 ||   124
